 Dungeon Crawl Stone Soup version 0.22-a0-414-gacd343e8ff (webtiles) character file.

6084 Kriby the Grappler (level 10, -3/102 HPs)
             Began as a Troll Monk on May 13, 2018.
             Was a High Priest of Ru.
             Slain by a blink frog (9 damage)
             ... on level 2 of the Lair of Beasts.
             The game lasted 00:08:38 (7941 turns).

Kriby the Grappler (Troll Monk)                     Turns: 7941, Time: 00:08:39

Health: -3/102     AC:  5    Str: 24    XL:     10   Next: 58%
Magic:  9/9        EV:  9    Int:  6    God:    Ru [*****.]
Gold:   228        SH: 16    Dex: 12    Spells: 9/9 levels left

rFire    x . .     SeeInvis .     - Unarmed
rCold    x . .     Gourm    +   D - +1 large shield
rNeg     . . .     Faith    .   a - +0 robe
rPois    +         Spirit   .   (helmet restricted)
rElec    .         Reflect  .   (no cloak)
rCorr    .         Harm     .   (gloves unavailable)
MR       .....                  (boots unavailable)
Stlth    ++........             A - amulet "Itil" {+Rage rPois Slay+6}
HPRegen  0.67/turn              h - +2 ring of evasion
MPRegen  0.11/turn              (no ring)

@: lethally poisoned (-3 -> -3)
A: large, unfitting armour, claws 3, fast metabolism 3, gourmand, regeneration
1, shaggy fur 1, tough skin 2, inability to use devices, temperature sensitive
a: Draw Out Power, Power Leap, Apocalypse, Renounce Religion


You were on level 2 of the Lair of Beasts.
You worshipped Ru.
Ru was extremely pleased with you.
You were full.

You visited 3 branches of the dungeon, and saw 11 of its levels.

You collected 385 gold pieces.
You spent 157 gold pieces at shops.

Inventory:

Armour
 a - a +0 robe (worn)
 D - a +1 large shield (worn)
Jewellery
 h - a +2 ring of evasion (left claw)
 l - an uncursed amulet of guardian spirit
 y - an uncursed amulet of rage
 A - the amulet "Itil" (around neck) {+Rage rPois Slay+6}
   (You found it on level 6 of the Dungeon)

   [amulet of rage]

   It affects your accuracy and damage with ranged weapons and melee attacks
   (+6).
   It protects you from poison.
   It lets you go berserk.
Wands
 o - a wand of iceblast (11)
 q - a wand of flame (19)
 B - a wand of disintegration (15)
Scrolls
 c - a scroll of fog
 e - a scroll of enchant weapon
 g - 2 scrolls of remove curse
 i - 2 scrolls of blinking
 k - 8 scrolls of identify
 n - 3 scrolls of enchant armour
 p - a scroll of torment {unknown}
 s - 2 scrolls of teleportation
 v - 2 scrolls of amnesia
Potions
 d - a potion of lignification
 f - 3 potions of heal wounds
 j - a potion of resistance
 m - a potion of haste
 r - 4 potions of curing
 t - a potion of agility {unknown}
 F - 2 potions of cancellation
Comestibles
 b - 25 rations


   Skills:
 + Level 7.5 Fighting
 - Level 2.4 Dodging
 - Level 1.0 Stealth
 * Level 5.4 Shields
 * Level 12.1 Unarmed Combat


You had 9 spell levels left.
You didn't know any spells.
Your spell library contained the following spells:

 Spells                   Type           Power        Failure   Level  Hunger
 Magic Dart               Conj           #...         98%         1    ##.....
 Mephitic Cloud           Conj/Pois/Air  #.......     100%        3    ####...
 Venom Bolt               Conj/Pois      #.........   100%        5    ######.
 Olgreb's Toxic Radiance  Pois           #.......     100%        4    #####..
 Sting                    Conj/Pois      #...         98%         1    ##.....
 Poisonous Vapours        Pois/Air       #.....       99%         2    ###....


Dungeon Overview and Level Annotations

Branches:
Dungeon (8/15)             Temple (1/1) D:4            Lair (2/6) D:8
  Swamp: Lair:2-4    Shoals: Lair:2-4     Snake: Lair:2-4    Spider: Lair:2-4

Altars:
Ashenzari
Cheibriados
Dithmenos
Elyvilon
Fedhas
Gozag
Hepliaklqana
Kikubaaqudgha
Makhleb
Nemelex Xobeh
Okawaru
Qazlal
Ru
Sif Muna
Trog
Uskayaw
Vehumet
Yredelemnul
Zin
The Shining One

Shops:
D:4 }   D:7 [

Annotations:
D:5 2 transporters


Innate Abilities, Weirdness & Mutations

You are too large for most types of armour.
You have claws for hands.
Your metabolism is lightning-fast.
You like to eat raw meat.
Your natural rate of healing is unusually fast.
You are covered in fur. (AC +1)
You have very tough skin. (AC +2)
You cannot study or use magical devices.
You are sensitive to extremes of temperature. (rF-, rC-)


Message History

The blink frog is lightly wounded.
You feel sick. You block the blink frog's attack. x2
You feel sick. You block the blink frog's attack.
You feel sick.
The blink frog begins to attack, but is stunned by your will!
You redirect the blink frog's attack!
The blink frog blinks!
You block the blink frog's attack.
You feel sick.
You feel sick.
The blink frog blinks!
You feel sick.
The blink frog begins to attack, but is stunned by your will!
You feel sick. You block the blink frog's attack. The blink frog hits you.
* * * LOW HITPOINT WARNING * * *
The blink frog blinks!
The blink frog hits you!
* * * LOW HITPOINT WARNING * * *
You feel sick.
The blink frog blinks!
The blink frog hits you!
You die...

.........†.##....#
..........##..####.
.F..................
....................
....................
.......†.....######.
......§F....#.##
...P.##F...#.......
.......@...........
...........##.....#
.......+...# .....#
.......#...###....P
.....<.#....#....P.
.....................
#...##................
......................
......................


You could see 2 blink frogs.

Vanquished Creatures
  The ghost of Manul the Twirler, a novice VSGl of Gozag (D:7)
  3 spiny frogs
  Grinder (D:5)
  A troll (D:8)
  A basilisk (Lair:1)
  Edmund (D:5)
  2 water moccasins
  2 hell hounds (D:8)
  3 porcupines
  2 sky beasts (D:7)
  A necrophage (D:7)
  2 phantoms (D:8)
  4 centaurs
  4 ogres
  4 crocodiles
  5 bullfrogs
  A scorpion (D:6)
  4 howler monkeys
  4 electric eels (D:6)
  3 crimson imps
  A bullfrog zombie (D:5)
  3 quasits
  4 orc priests
  4 hounds
  A centaur skeleton (D:5)
  4 orc wizards
  An iguana (D:4)
  3 worker ants
  A hound skeleton (D:7)
  A worker ant zombie (D:5)
  3 gnolls (D:4)
  6 adders
  An ooze (D:5)
  An adder zombie (D:7)
  3 adder skeletons
  2 worms (D:2)
  2 dart slugs
  5 leopard geckos
  26 orcs
  4 ball pythons
  7 giant cockroaches
  8 goblins
  5 hobgoblins
  18 jackals
  6 quokkas
  10 bats
  7 frilled lizards
  8 kobolds
  A quokka skeleton (D:4)
  8 rats
203 creatures vanquished.

Vanquished Creatures (others)
  A two-headed ogre (D:8)
  A plant (D:6)
2 creatures vanquished.

Grand Total: 205 creatures vanquished

Notes
Turn   | Place    | Note
-------+----------+-------------------------------------------
     0 | D:1      | Kriby the Troll Monk began the quest for the Orb.
     0 | D:1      | Reached XP level 1. HP: 22/22 MP: 0/0
   293 | D:1      | Reached XP level 2. HP: 29/29 MP: 1/1
   560 | D:1      | Reached XP level 3. HP: 35/36 MP: 2/2
   851 | D:2      | Found a basalt altar of Yredelemnul.
   868 | D:2      | Reached skill level 4 in Unarmed Combat
  1182 | D:2      | Found an ancient bone altar of Kikubaaqudgha.
  1239 | D:2      | Found a deep blue altar of Sif Muna.
  1241 | D:2      | Found a radiant altar of Vehumet.
  1265 | D:2      | Identified Vehumet's Incunabulum of Attacks
  1291 | D:2      | Reached XP level 4. HP: 45/45 MP: 3/3
  1409 | D:3      | Found a shadowy altar of Dithmenos.
  1652 | D:3      | Found a glowing silver altar of Zin.
  1889 | D:4      | Found Guppooc's Gadget Boutique.
  1913 | D:4      | Reached skill level 5 in Unarmed Combat
  1913 | D:4      | Reached XP level 5. HP: 18/53 MP: 4/4
  2157 | D:4      | Found a staircase to the Ecumenical Temple.
  2190 | Temple   | Entered the Ecumenical Temple
  2537 | D:4      | Noticed an ogre
  2545 | D:4      | Killed an ogre
  2545 | D:4      | Reached skill level 6 in Unarmed Combat
  2545 | D:4      | Reached XP level 6. HP: 49/62 MP: 5/5
  3103 | D:5      | Entered Level 5 of the Dungeon
  3136 | D:5      | Noticed Edmund
  3149 | D:5      | Killed Edmund
  3149 | D:5      | Reached skill level 7 in Unarmed Combat
  3149 | D:5      | Reached XP level 7. HP: 67/71 MP: 6/6
  3606 | D:5      | Found a transporter.
  3649 | D:5      | Noticed Grinder
  3704 | D:5      | Killed Grinder
  3704 | D:5      | Reached skill level 5 in Fighting
  3704 | D:5      | Reached skill level 8 in Unarmed Combat
  3704 | D:5      | Reached XP level 8. HP: 64/80 MP: 5/7
  4085 | D:5      | Found a transporter.
  4293 | D:4      | Found a shattered altar of Ashenzari.
  4293 | D:4      | Found a sacrificial altar of Ru.
  4302 | D:4      | Became a worshipper of Ru the Awakened
  4316 | D:5      | Gained mutation: You are sensitive to extremes of temperature. (rF-, rC-) [Ru sacrifice]
  4316 | D:5      | Reached * piety under Ru
  4316 | D:5      | Reached ** piety under Ru
  4495 | D:6      | Reached skill level 9 in Unarmed Combat
  4708 | D:6      | Got a scorched ruby amulet
  4709 | D:6      | Identified the amulet "Itil" {+Rage rPois Slay+6} (You found it on level 6 of the Dungeon)
  5094 | D:7      | Reached skill level 10 in Unarmed Combat
  5193 | D:7      | Reached XP level 9. HP: 89/89 MP: 8/8
  5196 | D:7      | Found Raotom's Antique Armour Shop.
  5221 | D:7      | Bought a large shield for 157 gold pieces
  5461 | D:7      | Reached skill level 1 in Shields
  5521 | D:7      | Noticed Manul's ghost (novice VSGl)
  5535 | D:7      | Killed Manul's ghost
  5931 | D:8      | Found a staircase to the Lair.
  6119 | D:8      | Reached skill level 11 in Unarmed Combat
  6543 | D:8      | Gained mutation: You cannot study or use magical devices. [Ru sacrifice]
  6543 | D:8      | Reached *** piety under Ru
  6543 | D:8      | Reached **** piety under Ru
  6543 | D:8      | Reached ***** piety under Ru
  6613 | D:8      | Noticed a two-headed ogre
  6617 | D:8      | Killed a two-headed ogre
  6617 | D:8      | Reached XP level 10. HP: 60/102 MP: 9/9
  6807 | D:8      | Found a glowing golden altar of the Shining One.
  7005 | Lair:1   | Entered Level 1 of the Lair of Beasts
  7055 | Lair:1   | Noticed a spiny frog
  7063 | Lair:1   | Killed a spiny frog
  7510 | Lair:1   | Noticed a spiny frog
  7522 | Lair:1   | Killed a spiny frog
  7522 | Lair:1   | Reached skill level 5 in Shields
  7909 | Lair:2   | Reached skill level 12 in Unarmed Combat
  7913 | Lair:2   | Noticed a spiny frog
  7929 | Lair:2   | Killed a spiny frog
  7941 | Lair:2   | Slain by a blink frog

Vault maps used:
D:1:      minmay_arrival_shattered_statue, st_stairs_12, feat_on_display
D:2:      grunt_temple_overflow_magic_moments, yredelemnul_altar_generic,
          grunt_decor_arrowhead
D:3:      lemuel_round_altar, grunt_dithmenos_smoke, first_ration
D:4:      nicolae_overflow_hidden_temple, minmay_temple_entry_hall,
          serial_shops, nicolae_shop_waterfront
D:5:      gammafunk_cloud_chamber, uniq_grinder, uniq_edmund
D:6:      serial_bayou_lagoon_b
D:7:      serial_shops, shop
D:8:      kennysheep_mini_moat, minmay_lair_entry_lava, grunt_ogre_cave
Temple:   chequers_temple_sunken
Lair:1:   ldierk_geyser, lemuel_fruit_fields, serial_bayou_shore_b

Skill      XL: |  1  2  3  4  5  6  7  8  9 10 |
---------------+-------------------------------+-----
Unarmed Combat | 4 5 6 7 8 10 11 12 | 12.1
Fighting       | 3 4 5 6 7 |  7.5
Shields        | 4 5 |  5.4
Dodging        | |  2.4
Stealth        | |  1.0

Action                   |  1- 3 |  4- 6 |  7- 9 | 10-12 || total
-------------------------+-------+-------+-------+-------++-------
Melee: Unarmed           |    98 |   141 |   236 |    49 ||   524
       Punch             |     1 |     6 |     4 |       ||    11
Invok: Sacrifice Resista |       |       |     1 |       ||     1
       Sacrifice Artific |       |       |     1 |       ||     1
Evoke: Wand              |       |       |     4 |       ||     4
  Use: Scroll            |       |       |    13 |       ||    13
       Potion            |       |       |    10 |       ||    10
 Stab: Sleeping          |     4 |     2 |       |       ||     6
  Eat: Chunk             |    17 |    17 |    33 |     8 ||    75
Armor: Robe              |    47 |    27 |    47 |     2 ||   123
Dodge: Dodged            |    57 |    51 |   104 |     9 ||   221
Block: Large shield      |       |       |    43 |    35 ||    78

Table legend:
 A = Spawn XP
 B = Non-spawn XP
 C = Spawn XP percentage of total XP
 D = Spawn monster count
 E = Non-spawn monster count
 F = Spawn count percentage of total count
 G = Total turns spent on level
                    A         B        C        D         E        F      G
               +---------+---------+-------+---------+---------+-------+---------
         Total |       0 |    8692 |   0.0 |       0 |     204 |   0.0 |  7941
               +---------+---------+-------+---------+---------+-------+---------
           D:1 |       0 |      43 |   0.0 |       0 |      26 |   0.0 |   837
           D:2 |       0 |      54 |   0.0 |       0 |      21 |   0.0 |   506
           D:3 |       0 |      38 |   0.0 |       0 |      19 |   0.0 |   508
           D:4 |       0 |     524 |   0.0 |       0 |      28 |   0.0 |  1054
           D:5 |       0 |    1041 |   0.0 |       0 |      30 |   0.0 |  1227
           D:6 |       0 |     901 |   0.0 |       0 |      21 |   0.0 |   735
           D:7 |       0 |    1672 |   0.0 |       0 |      30 |   0.0 |   770
           D:8 |       0 |    1960 |   0.0 |       0 |      16 |   0.0 |  1149
        Lair:1 |       0 |    1559 |   0.0 |       0 |       7 |   0.0 |   870
        Lair:2 |       0 |     900 |   0.0 |       0 |       6 |   0.0 |    66
               +---------+---------+-------+---------+---------+-------+---------
